Map: 해비테이션 스테이션 - 래더 (공허의 유산)

Players

INnoVation - Winner!

  • Race: Terran Terran
  • League: Master
  • Spawn Location: 1:00

soO

  • Race: Zerg Zerg
  • League: Master
  • Spawn Location: 11:00

VOD

Have the link to the VOD?

Description

Time

  • Played on: Nov. 27, 2016, 6:14 a.m.
  • Length: 6:42
Show
View Real Time Build Order
Export as new Build Order

INnoVation Terran - Winner!

Build Orders: Reaper Expand, MMM Bio 

Get SALT Encoding   

  12  0:00  SCV  
  13  0:12  SCV  
  14  0:16  Supply Depot  
  14  0:24  SCV  
  15  0:38  SCV  
  15  0:40  Barracks  
  16  0:43  Refinery  
  16  0:50  SCV  
  17  1:02  SCV  
  18  1:14  SCV  
  19  1:27  Orbital Command, Reaper  
  20  1:38  Command Center  
  20  1:50  Barracks  
  20  1:52  SCV  
  21  1:59  Barracks Reactor  
  21  2:04  SCV  
  22  2:09  Supply Depot  
  22  2:10  Refinery  
  22  2:16  SCV  
  22  2:22  Factory  
  23  2:31  SCV  
  23  2:36  Marine x2  
  26  2:38  Barracks Tech Lab  
  26  2:43  SCV  
  27  2:50  Orbital Command  
  27  2:55  SCV  
  27  2:56  Stimpack  
  27  2:57  Marine  
  29  2:58  Marine  
  29  3:01  Marine  
  31  3:07  SCV  
  31  3:10  Orbital Command  
  32  3:14  Starport  
  32  3:19  Marine x2  
  34  3:20  Factory Reactor  
  34  3:22  Marine  
  34  3:25  SCV  
  36  3:32  Supply Depot  
  36  3:36  SCV  
  36  3:37  SCV  
  38  3:44  Marine x3  
  40  3:49  SCV  
  40  3:50  SCV  
  40  3:51  Supply Depot  
  42  3:58  Medivac x2  
  42  4:01  Marine  
  42  4:02  Marine x2  
  49  4:06  SCV x2  
  51  4:13  Engineering Bay  
  51  4:15  Liberator  
  51  4:18  SCV x2  
  51  4:21  Marine x3  
  56  4:25  Supply Depot  
  56  4:28  Supply Depot  
  56  4:37  SCV x2  
  61  4:41  Marine  
  61  4:44  Terran Infantry Weapons Level 1  
  62  4:46  Marine x2  
  62  4:50  SCV x2  
  66  4:58  Supply Depot  
  66  4:59  Marine  
  67  5:00  Combat Shields  
  67  5:04  Marine x2  
  69  5:07  SCV x2  
  71  5:17  Marine  
  71  5:19  Medivac, SCV x2  
  76  5:21  Marine x2  
  76  5:23  Command Center  
  78  5:34  SCV x2  
  78  5:35  Marine  
  81  5:39  Marine x2  
  81  5:45  Engineering Bay  
  81  5:46  Engineering Bay, SCV x2  
  82  5:51  Refinery x2  
  82  5:52  Marine  
  82  5:53  Medivac  
  84  5:57  Marine x2  
  84  6:02  SCV x2  
  83  6:08  Factory Reactor  
  83  6:10  Marine  
  84  6:13  Barracks  
  84  6:15  Marine x2  
  85  6:19  SCV  
  85  6:21  SCV  
  84  6:32  Barracks  
  85  6:33  Barracks  
Show
View Real Time Build Order
Export as new Build Order

soO Zerg 

Build Orders: Pool First 

Get SALT Encoding   

  12  0:00  Drone  
  13  0:12  Overlord  
  13  0:16  Drone  
  14  0:30  Drone x2  
  14  0:34  Drone  
  17  0:44  Drone, Extractor  
  17  0:49  Spawning Pool  
  16  0:55  Drone  
  17  1:06  Drone  
  18  1:16  Hatchery  
  17  1:20  Drone  
  18  1:27  Drone  
  19  1:35  Queen  
  19  1:39  Zergling x2  
  22  1:45  Metabolic Boost  
  22  1:52  Overlord  
  22  2:11  Queen, Drone x2  
  26  2:22  Drone  
  27  2:28  Drone  
  28  2:32  Drone  
  28  2:33  Queen  
  31  2:45  Zergling x8  
  31  2:46  Zergling x2  
  31  2:51  Overlord  
  37  3:12  Drone  
  37  3:13  Drone x3  
  37  3:18  Drone  
  41  3:20  Drone  
  41  3:23  Drone x2  
  44  3:28  Overlord  
  44  3:31  Drone  
  44  3:37  Overlord  
  44  3:43  Extractor  
  44  3:45  Drone  
  46  3:48  Drone x2  
  46  3:49  Hatchery  
  46  3:51  Queen x2  
  51  3:55  Drone  
  51  3:56  Drone x2  
  51  3:57  Drone  
  51  3:58  Drone  
  51  4:01  Overlord  
  55  4:08  Drone  
  56  4:10  Drone  
  56  4:11  Evolution Chamber, Drone  
  56  4:13  Evolution Chamber  
  56  4:20  Drone x2  
  56  4:21  Drone x2  
  56  4:23  Extractor  
  59  4:29  Queen  
  61  4:36  Zergling x12  
  67  4:39  Zerg Ground Armor Level 1  
  67  4:41  Zerg Melee Weapons Level 1  
  67  4:55  Zergling x2  
  67  4:56  Overlord x2  
  68  5:00  Overlord  
  68  5:01  Queen  
  68  5:09  Queen  
  68  5:12  Drone x4  
  68  5:13  Overlord  
  74  5:19  Drone  
  74  5:20  Spore Crawler, Zergling x6  
  77  5:28  Zergling x14  
  78  5:36  Zergling x4  
  78  5:37  Zergling x2  
  78  5:38  Zergling x2  
  78  5:41  Zergling x4  
  78  5:42  Zergling x2  
  76  5:47  Zergling x2  
  76  5:48  Zergling x2  
  76  5:49  Zergling x2  
  65  5:54  Zergling x2  
  65  5:55  Zergling x4  
  65  5:56  Zergling x2  
  60  5:58  Drone  
  60  6:00  Queen, Drone  
  57  6:07  Drone  
  57  6:09  Drone  
  58  6:12  Drone  
  58  6:17  Drone x2  
  57  6:18  Drone  
  57  6:20  Drone  
  57  6:25  Drone x2  
  59  6:28  Drone  
  59  6:31  Baneling Nest  
Tags
 
Add a new tag
Caveats
  • Supply blocks, unpowered buildings, or Contaminate may cause inaccurate times.
  • Supply counts are checked every 10 seconds.